 Dungeon Crawl Stone Soup version 0.17.2-1-ge4368a0 (webtiles) character file.

78 Goblin1989 the Sneak (level 4, -2/32 HPs)
             Began as a Human Enchanter on Jan 10, 2017.
             Was an Initiate of Okawaru.
             Slain by an ogre
             ... wielding a +0 giant club
              (12 damage)
             ... on level 4 of the Dungeon.
             The game lasted 00:13:58 (704 turns).

Goblin1989 the Sneak (Human Enchanter)               Turns: 704, Time: 00:13:58

Health: -2/32      AC:  7    Str: 14    XL:     4   Next: 61%
Magic:  7/7        EV: 11    Int: 16    God:    Okawaru [......]
Gold:   62         SH:  0    Dex: 13    Spells: 1 memorised, 6 levels left

rFire  . . .     SeeInvis .     n - +0 spear
rCold  . . .     Clarity  .     m - +0 ring mail (curse)
rNeg   . . .     SustAt   .     (no shield)
rPois  .         Gourm    .     (no helmet)
rElec  .         Spirit   .     h - +1 cloak
rCorr  .         Warding  .     (no gloves)
rMut   .         Stasis   .     (no boots)
MR     .....                    (no amulet)
Stlth  ++........               (no ring)
                                (no ring)

@: mighty, very slightly contaminated, hasted, very quick, not resistant to
hostile enchantments, unstealthy
A: no striking features
a: Renounce Religion


You were on level 4 of the Dungeon.
You worshipped Okawaru.
Okawaru was noncommittal.
You were not hungry.

You visited 1 branch of the dungeon, and saw 4 of its levels.

You collected 62 gold pieces.

Inventory:

Hand Weapons
 a - a +1 dagger
 n - a +0 spear (weapon)
Missiles
 o - 8 javelins (quivered)
Armour
 b - a +1 robe
 h - a +1 cloak (worn)
 m - a cursed +0 ring mail (worn)
Jewellery
 l - a ring of wizardry {unknown}
Scrolls
 k - a scroll of identify {unknown}
 p - a scroll of blinking {unknown}
 q - a scroll of remove curse {unknown}
 r - a scroll of fear {unknown}
Potions
 g - a potion of curing {@q1}
Books
 c - a book of Maledictions

   Spells                             Type                      Level
   a - Corona                         Hexes                        1
   b - Ensorcelled Hibernation        Hexes/Ice                    2
   c - Confuse                        Hexes                        3
   d - Tukima's Dance                 Hexes                        3
   e - Dazzling Spray                 Conjuration/Hexes            3
Comestibles
 d - 2 bread rations {@e1}
 f - 4 meat rations {@e2}


   Skills:
 + Level 1.0 Fighting
 - Level 1.4 Short Blades
 * Level 1.6 Polearms
 + Level 3.0 Dodging
 - Level 3.2 Stealth
 - Level 2.2 Spellcasting
 - Level 3.1 Hexes


You had 6 spell levels left.
You knew the following spells:

 Your Spells              Type           Power        Failure   Level  Hunger
a - Corona                Hex            ##.....      14%         1    #......


Dungeon Overview and Level Annotations

Branches:
Dungeon (4/15)
 Temple: D:4-7

Altars:
Okawaru


Message History

You are very lightly contaminated with residual magic.
You regained 4 hp, and now have 8/32 hp.
You closely miss the ogre.
The ogre is lightly wounded.
The ogre closely misses you.
You regained 4 hp, and now have 12/32 hp.
You're too confused to move!
You feel less invigorated.
You feel less confused.
You regained 2 hp, and now have 14/32 hp.
You barely miss the ogre.
The ogre is lightly wounded.
The ogre hits you with a giant club.
* * * LOW HITPOINT WARNING * * *
You take 4 damage, and have 10/32 hp.
You barely miss the ogre.
The ogre is lightly wounded.
You hit the ogre.
The ogre is moderately wounded.
The ogre hits you with a giant club!
You die...

████████.█
.........█
.........██
..........█
..........█
..........█
..........█
███.█████O█
█@█ █▲█


You could see an ogre.

Vanquished Creatures
  A hound (D:4)
  2 adders
  An adder skeleton (D:4)
  A worm (D:2)
  2 bats
  2 giant cockroaches (D:4)
  2 goblins (D:1)
  3 hobgoblins
  A quokka (D:2)
  A giant gecko (D:1)
  A giant newt (D:1)
  2 kobolds
  A rat (D:1)
20 creatures vanquished.

Notes
Turn   | Place    | Note
--------------------------------------------------------------
     0 | D:1      | Goblin1989 the Human Enchanter began the quest for the Orb.
     0 | D:1      | Reached XP level 1. HP: 13/13 MP: 3/3
   143 | D:2      | Found an iron altar of Okawaru.
   153 | D:2      | Became a worshipper of Warmaster Okawaru
   235 | D:1      | Reached XP level 2. HP: 13/19 MP: 3/5
   432 | D:2      | Reached XP level 3. HP: 17/24 MP: 4/6
   643 | D:4      | Reached skill level 1 in Fighting
   643 | D:4      | Reached skill level 1 in Polearms
   643 | D:4      | Reached XP level 4. HP: 11/32 MP: 5/7
   689 | D:4      | Noticed an ogre
   704 | D:4      | Slain by an ogre

Action                   |  1- 3 |  4- 6 || total
-------------------------+-------+-------++-------
Melee: Dagger            |    49 |       ||    49
       Spear             |    41 |    10 ||    51
Throw: Javelin           |     8 |       ||     8
 Cast: Corona            |    12 |       ||    12
  Use: Potion            |     1 |     3 ||     4
 Stab: Sleeping          |     1 |       ||     1

Vault maps used:
D:1:      evilmike_arrival_crescent
D:2:      overflow_temple_1_default, grunt_ministairs_4
D:3:      lemuel_upstairs_altar, serial_glass, glass_columns_a, glass_columns_a,
          glass_columns_c, glass_columns_b, glass_columns_a, glass_columns_a,
          first_bread, minmay_bad_closet
D:4:      st_stairs_2, hangedman_decor_opposing
